 Dungeon Crawl Stone Soup version 0.31.0-11-ge490571c62 (webtiles) character file.

Game seed: 4858774777080680666

81 Bobbunny the Gusty (level 4, -1/24 HPs)
             Began as a Gargoyle Air Elementalist on Jan 27, 2024.
             Slain by a goblin
             ... wielding a +0 dagger of venom
             ... led by Robin
              (3 damage)
             ... on level 2 of the Dungeon.
             The game lasted 00:02:05 (1586 turns).

Bobbunny the Gusty (Gargoyle Air Elementalist)      Turns: 1586, Time: 00:02:05

Health: -1/24      AC:  5    Str: 12    XL:     4   Next: 40%
Magic:  1/8        EV: 11    Int: 17    God:
Gold:   38         SH:  0    Dex: 10    Spells: 5/8 levels left

rFire   . . .        f - +1 dagger (holy)
rCold   . . .        (no shield)
rNeg    + . .        a - +0 robe
rPois   ∞            (no helmet)
rElec   +            (no cloak)
rCorr   .            (no gloves)
SInv    .            (no boots)
Will    .....        (no amulet)
Stlth   ++           (no ring)
HPRegen 0.24/turn    (no ring)
MPRegen 0.11/turn

%: no passive effects
@: no status effects
A: sickness immunity, AC +3, negative energy resistance 1, electricity
resistance, torment resistance 1, petrification resistance
a: no special abilities


You were on level 2 of the Dungeon.
You visited 1 branch of the dungeon, and saw 3 of its levels.

You collected 38 gold pieces.

Inventory:

Hand Weapons
 f - a +1 dagger of holy wrath (weapon)
Armour
 a - a +0 robe (worn)
Scrolls
 d - 2 scrolls of identify {unknown}
 g - a scroll of brand weapon {unknown}
 h - a scroll of poison {unknown}
 i - a scroll of torment {unknown}
 j - a scroll of amnesia {unknown}
Potions
 b - a potion of magic
 c - a potion of resistance {unknown}
 e - a potion of might {unknown}


   Skills:
 - Level 1.5 Dodging
 - Level 2.1 Stealth
 + Level 2.9 Spellcasting
 + Level 2.6 Conjurations
 + Level 3.1 Air Magic


You had 5 spell levels left.
You knew the following spells:

 Your Spells              Type           Power      Damage    Failure   Level
a - Shock                 Conj/Air       48%        1d6       5%          1
b - Static Discharge      Conj/Air       24%        3-4/arc   9%          2

Your spell library contained the following spells:

 Spells                   Type           Power      Damage    Failure   Level
 Swiftness                Air            13%        N/A       14%         3
 Airstrike                Air            6%         2d(1-17)  43%         4


Dungeon Overview and Level Annotations

Branches:
Dungeon (3/15)

Altars:


Innate Abilities, Weirdness & Mutations

You are immune to sickness and miasma.
Your stone body is resilient. (AC +3)
You are immune to poison.
You resist negative energy. (rN+)
You are resistant to electric shocks. (rElec)
You are resistant to unholy torment.
You are immune to petrification.


Message History

You hit Robin but do no damage.
Robin is moderately wounded.
The goblin hits you but does no damage. Robin barely misses you.
You hit Robin but do no damage.
Robin is moderately wounded.
The goblin hits you with a +0 dagger of venom.
Robin hits you with a +2 whip of electrocution.
The zap hits Robin.
Robin is severely wounded.
The zap hits the hobgoblin.
You kill the hobgoblin!
The goblin hits you but does no damage.
Robin hits you with a +2 whip of electrocution.
You hit Robin.
Robin is severely wounded.
A goblin comes into view. It is wielding a +0 club.
The goblin misses you.
Robin roars a battlecry!
The goblin goes into a battle-frenzy!
You barely miss Robin.
Robin is severely wounded.
The goblin closely misses you.
Robin hits you with a +2 whip of electrocution.
* * * LOW HITPOINT WARNING * * *
You hit Robin.
Robin is almost dead.
The goblin barely misses you. Robin closely misses you.
You hit Robin.
You kill Robin!
The goblin closely misses you.
You miss the goblin. The goblin hits you but does no damage.
The goblin closely misses you.
A goblin comes into view. It is wielding a +0 club.
You barely miss the goblin.
The goblin hits you with a +0 dagger of venom.
* * * LOW HITPOINT WARNING * * *
The goblin closely misses you.
You barely miss the goblin.
The goblin hits you with a +0 dagger of venom.
You die...

.#######.# ###.####
.........# #......#
########.###......#
#...#......#
##.........##
#..#........#
#.##.†......#
############.##........#
....)..)gg@g.##........#
##.####)####.##........#
+.' #.##........# #g#
#.#.........# #.#
#.#.###.#.#.# g.. ..#.#
#.#.#.# #.# #.#.#
#.#.#.# #.#
#.#.###.#...#
#.##......#


You could see 3 goblins.

Vanquished Creatures
  Robin (D:2)
  2 adders
  2 dart slugs
  A ball python (D:1)
  An endoplasm (D:1)
  2 giant cockroaches (D:1)
  6 hobgoblins
  6 jackals (D:1)
  2 quokkas
  2 bats (D:1)
  A frilled lizard (D:1)
  11 goblins
  2 kobolds (D:1)
  3 rats
42 creatures vanquished.

Notes
Turn   | Place    | Note
-------+----------+-------------------------------------------
     0 | D:1      | Bobbunny the Gargoyle Air Elementalist began the quest for
                  | the Orb.
     0 | D:1      | Reached XP level 1. HP: 10/10 MP: 3/3
   112 | D:1      | Reached XP level 2. HP: 11/15 MP: 0/5
   558 | D:1      | Reached XP level 3. HP: 15/19 MP: 0/6
   616 | D:1      | Found a faded altar of an unknown god.
  1005 | D:1      | Learned a level 2 spell: Static Discharge
  1238 | D:2      | You fall into a shaft and drop 1 floor!
  1457 | D:2      | Reached skill level 3 in Air Magic
  1457 | D:2      | Reached XP level 4. HP: 11/24 MP: 0/8
  1564 | D:2      | Noticed Robin
  1583 | D:2      | Killed Robin
  1586 | D:2      | Slain by a goblin

Illustrated notes

Levels and vault maps discovered:
D:1:      giann_forest_graveyard, layout_loops_ring,
          chequers_ecumenical_altar_island, minmay_misc_feat_rugged
D:2:      minmay_door_path, layout_basic, moated_statue, uniq_terence,
          uniq_robin, uniq_natasha
D:3:      layout_loops_ring, uniq_pargi

Skill      XL: |  1  2  3 |
---------------+----------+-----
Conjurations   | 2 |  2.6
Air Magic      | 3 |  3.1
Dodging        | |  1.5
Stealth        | |  2.1
Spellcasting   | |  2.9

Action                     |  1- 3 |  4- 6 || total
---------------------------+-------+-------++-------
  Melee: Dagger            |    64 |    17 ||    81
         Punch             |       |     1 ||     1
   Cast: Shock             |    71 |     9 ||    80
   Stab: Sleeping          |     1 |       ||     1
 Armour: Robe              |    62 |    15 ||    77
  Dodge: Dodged            |    74 |    13 ||    87
